 Dungeon Crawl Stone Soup version 0.21.1-1-g345015f (webtiles) character file.

1247 Mirai the Thaumaturge (level 8, -6/41 HPs)
             Began as a Deep Elf Conjurer on Mar 29, 2018.
             Mangled by an ice beast (8 damage)
             ... on level 5 of the Dungeon.
             The game lasted 00:17:08 (6407 turns).

Mirai the Thaumaturge (Deep Elf Conjurer)           Turns: 6407, Time: 00:17:09

Health: -6/41      AC:  4    Str:  3 (5)  XL:     8   Next: 25%
Magic:  18/26      EV: 13    Int: 21 (23) God:
Gold:   231        SH:  0    Dex: 14 (15) Spells: 21/32 levels left

rFire    . . .     SeeInvis .   r - +2 quarterstaff (chaos)
rCold    . . .     Gourm    .   (shield currently unavailable)
rNeg     . . .     Faith    .   a - +0 robe
rPois    .         Spirit   .   (no helmet)
rElec    .         Reflect  .   s - +1 cloak
rCorr    .         Harm     .   (no gloves)
MR       .....                  (no boots)
Stlth    ++........             (no amulet)
HPRegen  0.13/turn              (no ring)
MPRegen  0.20/turn              (no ring)

@: no status effects
A: no striking features
a: no special abilities


You were on level 5 of the Dungeon.
You were near starving.

You visited 1 branch of the dungeon, and saw 5 of its levels.

You collected 231 gold pieces.

Inventory:

Hand Weapons
 i - a +0 mace of crushing
 r - a +2 quarterstaff of chaos (weapon)
Armour
 a - a +0 robe (worn)
 s - a +1 cloak (worn)
Wands
 d - a wand of flame (25)
 p - a wand of acid (10)
Scrolls
 g - 3 scrolls of remove curse
 h - 4 scrolls of fear
 j - a scroll of amnesia
 k - 2 scrolls of blinking
 l - 7 scrolls of identify
 m - 6 scrolls of teleportation
Potions
 e - a potion of haste
 f - a potion of curing
 n - 2 potions of brilliance
 o - a potion of lignification
Books
 b - a book of Conjurations

   Spells                             Type                      Level
   a - Magic Dart                     Conjuration                  1
   b - Searing Ray                    Conjuration                  2
   c - Dazzling Spray                 Conjuration/Hexes            3
   d - Fulminant Prism                Conjuration/Hexes            4
   e - Force Lance                    Conjuration/Translocation    4
   f - Iskenderun's Mystic Blast      Conjuration                  4
Comestibles
 c - 5 rations


   Skills:
 - Level 2.4 Dodging
 - Level 2.4 Stealth
 + Level 12.8 Spellcasting
 - Level 4.3 Conjurations


You had 21 spell levels left.
You knew the following spells:

 Your Spells              Type           Power        Failure   Level  Hunger
a - Magic Dart            Conj           ####         1%          1    None
b - Searing Ray           Conj           ####..       1%          2    None
c - Iskenderun's Mystic   Conj           ####....     8%          4    None
d - Fulminant Prism       Conj/Hex       ###.......   19%         4    None


Dungeon Overview and Level Annotations

Branches:
Dungeon (5/15)
 Temple: D:4-7

Altars:
Nemelex Xobeh
Okawaru


Message History

The searing ray hits the ice beast.
The ice beast is severely wounded.
You finish channeling your searing ray.
The ice beast completely misses you. The ice beast hits you.
The ice beast freezes you!
Casting: Searing Ray
Confirm with . or Enter, or press ? or * to list all spells.
Aiming: Searing Ray
Press: ? - help, Shift-Dir - straight line, f/p - ice beast
Aim: an ice beast (severely wounded)
The searing ray misses the ice beast. (Press . to maintain the ray.)
The ice beast closely misses you.
The searing ray hits the ice beast.
The ice beast is almost dead.
The ice beast hits you. The ice beast freezes you!
* * * LOW HITPOINT WARNING * * *
The searing ray misses the ice beast.
The ice beast hits you.
* * * LOW HITPOINT WARNING * * *
The ice beast freezes you!
You die...

# #### ..# ##..## ....
###....## .....
###.......# ##
#.....##.....##..## ##)
#.....Y@...###...#####..
#.........###.(.........
#.......####..........#.
#....#### #....#....####
#...# #...###.(## #....
#..## #..# #... #.. ##.#
.... ##. #.# #. #.#


You could see an ice beast.

Vanquished Creatures
  Sigmund (D:2)
  Eustachio (D:5)
  The ghost of tidbits the Chiller, an amateur GnIE of Cheibriados (D:4)
  An ogre (D:4)
  An elf skeleton (D:4)
  A scorpion (D:4)
  A crimson imp (D:4)
  2 hounds
  A jelly (D:5)
  2 human zombies (D:4)
  Crazy Yiuf (D:2)
  Jessica (D:2)
  Ijyb (D:3)
  2 orc wizards
  2 human skeletons (D:4)
  2 iguanas
  3 worker ants
  3 adders
  An ooze (D:3)
  8 worms
  4 leopard geckos
  14 orcs
  2 ball pythons
  7 giant cockroaches
  9 goblins
  9 hobgoblins
  2 jackals (D:5)
  A quokka (D:2)
  9 bats
  2 frilled lizards
  A jackal skeleton (D:4)
  4 kobolds
  A leopard gecko skeleton (D:4)
  An orc zombie (D:4)
  A quokka skeleton (D:4)
  8 rats
111 creatures vanquished.

Notes
Turn   | Place    | Note
-------+----------+-------------------------------------------
     0 | D:1      | Mirai the Deep Elf Conjurer began the quest for the Orb.
     0 | D:1      | Reached XP level 1. HP: 10/10 MP: 6/6
   300 | D:1      | Reached skill level 4 in Spellcasting
   300 | D:1      | Reached XP level 2. HP: 10/15 MP: 7/9
  1201 | D:2      | Reached XP level 3. HP: 19/19 MP: 4/11
  1289 | D:2      | Reached skill level 5 in Spellcasting
  1339 | D:2      | Found a runed door.
  1346 | D:2      | Learned a level 2 spell: Searing Ray
  1346 | D:2      | Noticed Crazy Yiuf
  1358 | D:2      | Killed Crazy Yiuf
  1543 | D:2      | Found an iron altar of Okawaru.
  1546 | D:2      | Noticed Jessica
  1555 | D:2      | Killed Jessica
  1555 | D:2      | Reached skill level 6 in Spellcasting
  1555 | D:2      | Reached XP level 4. HP: 15/24 MP: 8/14
  1619 | D:2      | Noticed Sigmund
  1633 | D:2      | Killed Sigmund
  1633 | D:2      | Reached skill level 8 in Spellcasting
  1633 | D:2      | Reached XP level 5. HP: 25/28 MP: 10/17
  1854 | D:2      | Reached XP level 6. HP: 32/32 MP: 13/19
  2441 | D:3      | Noticed Ijyb
  2451 | D:3      | Killed Ijyb
  2827 | D:3      | Reached skill level 9 in Spellcasting
  3074 | D:3      | Found a sparkling altar of Nemelex Xobeh.
  3324 | D:4      | Noticed tidbits's ghost (amateur GnIE)
  3838 | D:4      | Killed tidbits's ghost
  3838 | D:4      | Reached skill level 10 in Spellcasting
  3943 | D:4      | Reached XP level 7. HP: 16/36 MP: 18/22
  4535 | D:4      | Reached skill level 11 in Spellcasting
  5273 | D:4      | Reached skill level 12 in Spellcasting
  5384 | D:5      | Entered Level 5 of the Dungeon
  5442 | D:5      | Reached XP level 8. HP: 33/41 MP: 18/26
  5452 | D:5      | Noticed Eustachio
  5697 | D:5      | Killed Eustachio
  5993 | D:5      | Learned a level 4 spell: Iskenderun's Mystic Blast
  5998 | D:5      | Learned a level 4 spell: Fulminant Prism
  6407 | D:5      | HP: 2/41 [ice beast (1)]
  6407 | D:5      | Mangled by an ice beast

Skill      XL: |  1  2  3  4  5  6  7 |
---------------+----------------------+-----
Spellcasting   | 4 6 8 10 12 | 12.8
Dodging        | |  2.4
Stealth        | |  2.4
Conjurations   | |  4.3

Action                   |  1- 3 |  4- 6 |  7- 9 || total
-------------------------+-------+-------+-------++-------
Melee: Unarmed           |     4 |       |       ||     4
       Dagger            |     1 |       |       ||     1
       Quarterstaff      |       |    21 |     6 ||    27
 Cast: Magic Dart        |    57 |    53 |    26 ||   136
       Searing Ray       |     3 |    14 |    39 ||    56
Evoke: Wand              |       |     1 |       ||     1
  Use: Potion            |     3 |       |     5 ||     8
       Scroll            |       |     1 |     6 ||     7
  Eat: Chunk             |     2 |     5 |     1 ||     8
       Ration            |       |     1 |     1 ||     2
Armor: Robe              |     3 |     7 |    29 ||    39
       Skin              |     1 |       |       ||     1
Dodge: Dodged            |     8 |    33 |    63 ||   104
